 Dungeon Crawl Stone Soup version 0.27.0-1-g7a089689b8 (webtiles) character file.

Game seed: 2647643945943084611

398 freelancePsychic the Ducker (level 6, -2/41 HPs)
             Began as a Merfolk Ice Elementalist on Aug 16, 2021.
             Was a Believer of Elyvilon.
             Slain by a steam dragon (8 damage)
             ... on level 4 of the Dungeon.
             The game lasted 00:07:31 (5479 turns).

freelancePsychic the Ducker (MfIE)                  Turns: 5479, Time: 00:07:32

Health: -2/41      AC:  4    Str:  8    XL:     6   Next: 83%
Magic:  4/9        EV: 15    Int: 15    God:    Elyvilon [**....]
Gold:   124        SH:  0    Dex: 16    Spells: 3/10 levels left

rFire    . . .     SeeInvis .   k - +0 trident
rCold    . . .     Faith    .   (no shield)
rNeg     . . .     Spirit   .   a - +0 robe
rPois    .         Reflect  .   c - +1 helmet
rElec    .         Harm     .   (no cloak)
rCorr    .         Rampage  .   (no gloves)
Will     .....                  (no boots)
Stlth    ++........             (no amulet)
HPRegen  0.13/turn              (no ring)
MPRegen  0.11/turn              (no ring)

@: studying Slings
A: (nimble swimmer 2), mertail
a: Renounce Religion, Lesser Healing, Heal Other, Divine Protection


You were on level 4 of the Dungeon.
You worshipped Elyvilon.
Elyvilon was pleased with you.
You visited 1 branch of the dungeon, and saw 4 of its levels.

You collected 124 gold pieces.

Inventory:

Hand Weapons
 k - a +0 trident (weapon)
Armour
 a - a +0 robe (worn)
 c - a +1 helmet (worn)
 n - +0 storm dragon scales
Scrolls
 b - a scroll of amnesia
 d - a scroll of blinking
 e - 2 scrolls of teleportation {@r4}
 m - a scroll of holy word
Potions
 f - a potion of heal wounds {unknown}
 g - 4 potions of curing {unknown}
 h - a potion of might {unknown}
 i - a potion of flight {unknown}
 j - 3 potions of lignification {unknown}
 l - a potion of haste {unknown}


   Skills:
 + Level 4.4 Polearms
 + Level 6.1 Dodging
 - Level 2.1 Stealth
 - Level 2.5 Spellcasting
 - Level 6.0 Ice Magic


You had 3 spell levels left.
You knew the following spells:

 Your Spells              Type           Power      Damage    Failure   Level
a - Freeze                Ice            76%        1d9       1%          1
b - Frozen Ramparts       Ice            38%        1d5       5%          3
c - Ozocubu's Armour      Ice            19%        N/A       5%          3

Your spell library contained the following spells:

 Spells                   Type           Power      Damage    Failure   Level
 Sublimation of Blood     Necr           0%         N/A       32%         2
 Wereblood                Tmut           1%         N/A       32%         2
 Hailstorm                Conj/Ice       10%        3d5       52%         4
 Passage of Golubria      Tloc           N/A        N/A       91%         4
 Silence                  Hex/Air        0%         N/A       99%         5
 Summon Hydra             Summ           0%         N/A       100%        7
 Lehudib's Crystal Spear  Conj/Erth      0%         10d2      100%        8


Dungeon Overview and Level Annotations

Branches:
Dungeon (4/15)
 Temple: D:4-7

Altars:
Dithmenos
Elyvilon
Gozag

Shops:
D:1 (


Innate Abilities, Weirdness & Mutations

((You are quick and stealthy near water. (Stealth+, EV+, Speed+++)))
Your lower body shifts to a powerful aquatic tail in water.


Message History

The steam dragon breathes steam at you. The ball of steam hits you!
The heat melts your icy armour.
Your icy armour cracks and falls away as you move.
The steam dragon breathes steam at you. The ball of steam hits you!
Casting: Ozocubu's Armour (dangerous; 5% risk of failure)
Confirm with . or Enter, or press ? or * to list all spells.
Casting: Frozen Ramparts (dangerous; 5% risk of failure)
Press: ? - help, Dir - look around, f - activate
There is a cloud of steam here.
The walls around you are covered in ice.
You are engulfed in a cloud of scalding steam.
The wall freezes the steam dragon.
You barely miss the steam dragon.
The steam dragon is moderately wounded.
The wall freezes the steam dragon.
The steam dragon bites you but does no damage.
The steam dragon completely misses you.
You closely miss the steam dragon.
The steam dragon is heavily wounded.
The wall freezes the steam dragon.
The steam dragon bites you. The steam dragon claws you.
You barely miss the steam dragon.
The steam dragon is heavily wounded.
The wall freezes the steam dragon.
The steam dragon breathes steam at you. The ball of steam misses you.
You barely miss the steam dragon.
The steam dragon is heavily wounded.
You are engulfed in a cloud of scalding steam.
* * * LOW HITPOINT WARNING * * *
The wall freezes the steam dragon.
The steam dragon closely misses you.
The steam dragon claws you but does no damage.
You barely miss the steam dragon.
The steam dragon is severely wounded.
You are engulfed in a cloud of scalding steam.
* * * LOW HITPOINT WARNING * * *
The frozen ramparts melt away.
The steam dragon bites you!
You die...

#...# ##..# #...#
##..## ##)..# ##..##
##.)..## ##..##
##......## ##..##
##..###§#.####..##
##.(.##§§§#.....## #.
##..#.#§#§#§#..§##
#...
##..##.§§§_§§...@#
#....
#..#####.#.#§#..D#
#..... ..##
##.§.#....## #......
..#
##.#......####.......
.##
#........D..........
##
##...###.(.....§.....
# #..###
##............ ##..#
##..........# #..##
##........##


You could see a steam dragon (catching breath).

Vanquished Creatures
  A gnoll sergeant (D:4)
  A water moccasin skeleton (D:4)
  A hound (D:4)
  An orc priest (D:4)
  A bullfrog skeleton (D:4)
  An orc wizard (D:3)
  6 gnolls
  4 adders
  A dart slug (D:1)
  15 orcs
  7 bats
  4 endoplasms
  3 giant cockroaches
  6 goblins
  5 hobgoblins
  5 kobolds
  4 quokkas
  5 ball pythons
  3 frilled lizards
  3 rats
77 creatures vanquished.

Notes
Turn   | Place    | Note
-------+----------+-------------------------------------------
     0 | D:1      | freelancePsychic the Merfolk Ice Elementalist began the
                  | quest for the Orb.
     0 | D:1      | Reached XP level 1. HP: 13/13 MP: 3/3
   204 | D:1      | Found a faded altar of an unknown god.
   326 | D:1      | Found Pyol's Antique Weapon Shop.
   332 | D:1      | Reached XP level 2. HP: 19/19 MP: 3/5
  1227 | D:2      | Reached skill level 5 in Ice Magic
  1279 | D:2      | Reached XP level 3. HP: 15/24 MP: 3/6
  1493 | D:2      | Learned a level 3 spell: Frozen Ramparts
  1914 | D:2      | Reached XP level 4. HP: 30/30 MP: 3/7
  2733 | D:3      | Found a white marble altar of Elyvilon.
  2757 | D:3      | Became a worshipper of Elyvilon the Healer
  2917 | D:3      | Reached XP level 5. HP: 28/35 MP: 4/8
  2989 | D:3      | Learned a level 3 spell: Ozocubu's Armour
  3327 | D:4      | Reached * piety under Elyvilon
  3366 | D:4      | Reached skill level 1 in Polearms
  3731 | D:4      | Reached skill level 5 in Dodging
  4062 | D:4      | Reached XP level 6. HP: 13/41 MP: 2/9
  4882 | D:4      | Found a shadowy altar of Dithmenos.
  5055 | D:4      | Reached ** piety under Elyvilon
  5162 | D:4      | Found an opulent altar of Gozag.
  5461 | D:4      | Noticed a steam dragon
  5479 | D:4      | Slain by a steam dragon

Illustrated notes

Levels and vault maps discovered:
D:1:      elethiomel_arrival_infinity_welcomes_careful_drivers, layout_basic,
          serial_shops, nicolae_shop_trees, shapermc_ecumenical_altar_flowoftime
D:2:      minmay_evil_eye, layout_rooms, minmay_strange_pillars,
          kennysheep_cluttered_room
D:3:      layout_loops_cross, lemuel_crystal_altar
D:4:      layout_layer_cave, grunt_dithmenos_smoke_and_mirrors,
          grunt_gozag_breadcrumbs, minmay_manual_mail

Skill      XL: |  1  2  3  4  5  6 |
---------------+-------------------+-----
Dodging        | 3 4 5 6 |  6.1
Ice Magic      | 5 6 |  6.0
Polearms       | 3 4 |  4.4
Stealth        | |  2.1
Spellcasting   | |  2.5

Action                   |  1- 3 |  4- 6 || total
-------------------------+-------+-------++-------
Melee: Unarmed           |     6 |     4 ||    10
       Trident           |       |   102 ||   102
 Cast: Freeze            |    36 |    17 ||    53
       Frozen Ramparts   |     2 |    17 ||    19
       Ozocubu's Armour  |       |     5 ||     5
  Use: Scroll            |       |     6 ||     6
 Stab: Sleeping          |       |     8 ||     8
Armor: Robe              |    12 |    18 ||    30
Dodge: Dodged            |    52 |    68 ||   120
